AoeStats
← AGE OF AI

Fortress

509444625Analyzed
3v3 RM · 7d ago on Sep 26, 2026· 84m 49s· 6 players
Game mode
Random Map
Map size
Large (8 player)
Population
200
Speed
Normal
Resources
Standard
Victory
Conquest
Starting age
Dark Age
Ending age
Imperial Age
RankedLock teamsTeams togetherTeam positionsShared explorationLock speedFull tech treeHidden civsTurbo modeCheats
Victory
Defeat
🇺🇸 Jurchens · United States
1109
+13
🇺🇸 Saxons · United States
1101
+14
🇺🇸 Spanish · United States
1018
+18
🇳🇱 Celts · Netherlands
1050
-15
🇳🇱 Bohemians · Netherlands
1048
-15
🇳🇱 Spanish · Netherlands
1045
-15
julian
8:02 Feudal Age
7:40 Loom
8:32 Double-Bit Axe
8:52 Horse Collar
12:17 Castle Age
14:17 Bow Saw
18:58 Heavy Plow
22:58 Gold Mining
27:00 Imperial Age
28:45 Fletching
29:18 Furor Celtica
32:11 Ballistics
32:08 Bodkin Arrow
34:34 Wheelbarrow
33:44 Heavy Scorpion
37:19 Hand Cart
41:34 Chemistry
43:38 Scale Mail Armor
43:48 Forging
45:37 Chain Mail Armor
45:58 Iron Casting
46:19 Caravan
46:40 Guilds
46:13 Pikeman
46:39 Arson
47:26 Man-at-Arms
47:26 Halberdier
49:07 Plate Mail Armor
49:38 Blast Furnace
48:52 Light Cavalry
49:34 Husbandry
50:49 Elite Woad Raider
52:54 Conscription
53:02 Conscription
54:21 Scale Barding Armor
55:00 Hussar
61:29 Coinage
62:15 Chain Barding Armor
62:47 Banking
82:12 Padded Archer Armor
82:14 Elite Skirmisher
AGE OF AI
1:25 Loom
8:01 Feudal Age
8:58 Double-Bit Axe
13:25 Castle Age
11:33 Horse Collar
14:41 Bow Saw
19:55 Wheelbarrow
20:47 Heavy Plow
22:50 Hand Cart
22:23 Town Watch
23:09 Fletching
23:20 Padded Archer Armor
24:30 Chemistry
28:58 Imperial Age
27:35 Caravan
27:35 Pikeman
28:16 Squires
29:04 Fortified Wall
28:50 Murder Holes
29:12 Masonry
29:42 Scale Mail Armor
29:53 Forging
29:48 Scale Barding Armor
31:17 Two-Man Saw
31:13 Halberdier
32:23 Conscription
32:10 Wagenburg Tactics
34:06 Chain Mail Armor
34:26 Iron Casting
34:13 Chain Barding Armor
34:10 Leather Archer Armor
33:50 Bodkin Arrow
33:42 Elite Hussite Wagon
39:01 Guilds
40:41 Ballistics
40:31 Houfnice
Ryu
5:11 Loom
7:11 Feudal Age
12:26 Castle Age
10:34 Double-Bit Axe
12:27 Horse Collar
13:34 Fletching
13:48 Padded Archer Armor
15:16 Wheelbarrow
18:53 Stone Mining
18:56 Gold Mining
20:21 Heavy Plow
24:28 Imperial Age
22:36 Caravan
23:30 Bodkin Arrow
25:08 Bow Saw
24:57 Stone Mining
25:31 Hand Cart
25:03 Town Watch
27:00 Elite Conquistador
29:01 Town Patrol
29:06 Bracer
29:22 Leather Archer Armor
30:49 Ballistics
31:13 Ring Archer Armor
32:03 Chemistry
32:04 Forging
32:02 Scale Barding Armor
33:21 Conscription
33:38 Cavalier
34:30 Bloodlines
34:43 Bloodlines
34:34 Husbandry
38:17 Paladin
39:41 Iron Casting
39:27 Chain Barding Armor
41:54 Blast Furnace
47:58 Fortified Wall
48:43 Plate Barding Armor
49:44 Light Cavalry
50:33 Hussar
FrenchFryd
6:10 Loom
7:56 Feudal Age
8:54 Double-Bit Axe
8:50 Horse Collar
11:48 Castle Age
10:10 Double-Bit Axe
10:44 Horse Collar
15:21 Heavy Plow
17:05 Wheelbarrow
16:16 Loom
20:06 Hand Cart
21:35 Bow Saw
26:14 Imperial Age
24:09 Forging
23:49 Fletching
23:46 Pikeman
24:26 Squires
25:43 Gold Mining
26:54 Treadmill Crane
27:57 Bloodlines
27:47 Husbandry
28:44 Iron Casting
28:04 Bodkin Arrow
29:03 Conscription
29:04 Stone Mining
29:01 Town Watch
29:24 Scale Barding Armor
29:26 Caravan
30:27 Fortified Wall
33:31 Crop Rotation
33:27 Thunderclap Bombs
33:19 Fortified Bastions
34:24 Blast Furnace
33:24 Bracer
32:48 Light Cavalry
35:19 Chemistry
34:44 Masonry
35:26 Hoardings
34:28 Heavy Rocket Cart
36:15 Chain Barding Armor
38:31 Elite Iron Pagoda
39:49 Plate Barding Armor
41:49 Padded Archer Armor
44:49 Squires
46:45 Siege Engineers
46:58 Scale Mail Armor
48:51 Architecture
48:33 Careening
49:11 Ballistics
49:03 Careening
48:54 Murder Holes
53:08 Chain Mail Armor
52:15 Halberdier
53:05 Elite Fire Lancer
53:30 Arson
58:04 Hussar
58:11 Hussar
StickyFingers69
4:04 Loom
7:44 Feudal Age
9:12 Wheelbarrow
13:51 Castle Age
11:48 Horse Collar
13:25 Double-Bit Axe
17:18 Scale Barding Armor
17:26 Forging
18:07 Bloodlines
19:35 Husbandry
20:05 Bow Saw
21:20 Chain Barding Armor
22:49 Gold Mining
22:53 Stone Mining
23:40 Heavy Plow
24:14 Forging
28:38 Hand Cart
28:54 Town Watch
32:20 Imperial Age
31:40 Iron Casting
30:29 Elite Skirmisher
31:28 Fletching
32:41 Cavalier
33:28 Caravan
35:42 Two-Man Saw
39:20 Bodkin Arrow
39:25 Padded Archer Armor
39:50 Ballistics
40:30 Chemistry
40:07 Town Patrol
40:29 Conscription
41:24 Plate Barding Armor
41:50 Blast Furnace
42:10 Paladin
43:17 Thumb Ring
46:20 Stone Shaft Mining
46:11 Bracer
46:25 Fortified Wall
45:54 Pikeman
46:35 Squires
48:35 Leather Archer Armor
48:19 Halberdier
50:10 Hoardings
51:17 Ring Archer Armor
70:56 Arson
Squatch360
7:35 Feudal Age
11:12 Castle Age
9:18 Double-Bit Axe
9:21 Horse Collar
12:22 Bow Saw
12:15 Heavy Plow
13:40 Wheelbarrow
13:19 Loom
19:28 Hand Cart
19:37 Scale Mail Armor
22:55 Ballistics
26:53 Imperial Age
25:04 Fletching
25:16 Padded Archer Armor
24:40 Crossbowman
25:26 Thumb Ring
26:08 Masonry
26:45 Bodkin Arrow
27:06 Leather Archer Armor
27:24 Squires
27:10 Gambesons
27:11 Arson
28:54 Two-Man Saw
28:14 Arbalester
30:13 Bracer
30:43 Ring Archer Armor
30:52 Ring Archer Armor
31:20 Elite Varangian Guard
33:42 Caravan
35:32 Chemistry
35:03 Architecture
34:48 Forging
34:54 Chain Mail Armor
34:03 Pikeman
35:13 Shield Wall
36:14 Conscription
38:13 Plate Mail Armor
38:18 Iron Casting
38:25 Treadmill Crane
38:51 Siege Engineers
38:58 Fortified Wall
38:53 Halberdier
39:25 Onager
53:06 Hoardings
57:06 Scale Barding Armor
63:13 Capped Ram
64:48 Crop Rotation
65:10 Murder Holes
65:48 Chain Barding Armor
65:54 Bloodlines
65:45 Husbandry
65:59 Light Cavalry
66:42 Hussar
67:46 Siege Ram
80:01 Guard Tower
79:57 Arrowslits
Connection lost

Rejoining the realm…

Still unreachable

The connection could not be restored.

Session expired

The server has moved on; the page needs a fresh start.